[Event "2nd Late Dr Abul K C Chess-ch A 2022"]
[Site "Dhaka"]
[Date "2022.07.08"]
[Round "8.1"]
[White "Mohammad Minhaz Uddin"]
[Black "Subrota, Biswas"]
[Result "0-1"]
[ECO "C07"]
[WhiteElo "2260"]
[BlackElo "2253"]
[Annotator "RC"]
[PlyCount "87"]
[EventDate "2022.07.03"]
[EventCountry "BAN"]
[SourceTitle "playchess.com"]
[Source "ChessBase"]
[SourceQuality "1"]
[TimeControl "5400+30"]

1. e4 e6 2. d4 d5 3. Nd2 c5 4. exd5 Qxd5 5. Ngf3 cxd4 6. Bc4 Qd6 7. O-O Nc6 8. Re1 Be7 9. Nb3 e5 10. Nxe5 Nxe5 11. Bf4 f6 12. Bxg8 Rxg8 13. Qh5+ g6 14. Qxh7 Be6 15. Bg3 g5 16. Rad1 Bxb3 17. axb3 O-O-O 18. Bxe5 fxe5 19. Qf5+ Rd7 20. Rxe5 Bd8 21. Re6 Qf8 22. Qg4 Bb6 23. Rd3 Qf7 24. Re5 Re8 25. Rxe8+ Qxe8 26. g3 Qe1+ 27. Kg2 Qc1 28. c4 Qxb2 29. Qxg5 Qa3 30. h4 Qf8 31. Qg4 Kc7 32. h5 Rf7 33. Qe2 Re7 34. Qf3 Rf7 35. Qe2 Re7 36. Qf3 Qh6 37. g4 a6 38. b4 Kb8 39. c5 Bc7 40. Rxd4 Qe6 41. Qd5 Qe2 42. h6 Re3 43. Kg1 Bh2+ 44. Kg2 0-1

[Event "2nd Late Dr Abul K C Chess-ch A 2022"]
[Site "Dhaka"]
[Date "2022.07.08"]
[Round "8.2"]
[White "Rahman, Ziaur"]
[Black "Anata, Choudhury"]
[Result "1-0"]
[ECO "D03"]
[WhiteElo "2424"]
[BlackElo "2207"]
[Annotator "TA"]
[PlyCount "61"]
[EventDate "2022.07.03"]
[EventCountry "BAN"]
[SourceTitle "playchess.com"]
[Source "ChessBase"]
[SourceQuality "1"]
[TimeControl "5400+30"]

1. Nf3 c5 2. e3 g6 3. d4 cxd4 4. exd4 Nf6 5. Bd3 d5 6. O-O Bg7 7. c3 Qc7 8. Re1 Nc6 9. Bg5 O-O 10. Nbd2 Bf5 {[%emt 0:02:11] D03: 1 d4 d5 2 Nf3 Nf6 3 Bg5, including Torre Attack with early ...d5.} 11. Bxf5 gxf5 12. Nf1 Ne4 {[%emt 0:01:14] White is slightly better.} 13. Ng3 e6 14. Nh5 Nxg5 15. Nxg5 {[%emt 0:00:12] Re3 is the strong threat.} Qe7 16. f4 {[%emt 0:09:54] [#]} Bh6 $146 (16... Bf6 $14) ({Predecessor:} 16... h6 17. Nf3 Kh8 18. Ne5 Rg8 19. Re3 Bf8 20. Rh3 Nxe5 21. fxe5 b5 22. a3 a5 {1-0 (36) Taimanov,M (2540)-Padevsky,N (2480) Plovdiv 1975}) 17. h4 $16 Kh8 18. Qd3 Rg8 19. g4 Bxg5 (19... Qf8 $142) 20. fxg5 (20. hxg5 fxg4 21. Kg2 (21. Nf6 Rg6 $11) 21... Rg6 $16) 20... h6 21. gxf5 {[%emt 0:07:59] Black must now prevent f6.} ({Don't play} 21. Nf6 Rg7 22. Re2 (22. gxh6 $2 Rg6 $19) 22... fxg4) 21... hxg5 22. f6 gxh4+ $2 (22... Qf8 $16 {was called for.}) 23. Kh1 (23. Kf2 $142 Qf8 24. Rh1) 23... Qf8 $18 {[%emt 0:14:49] Threatens to win with ...Qh6.} 24. Ng7 $1 {[%emt 0:11:28] White is much more active.} Ne7 $2 (24... Rxg7 {might work better.} 25. fxg7+ Qxg7) 25. Rg1 ({Weaker is} 25. Re5 Rxg7 26. Rh5+ Kg8 $18) 25... Ng6 {[%emt 0:01:58] [#]} 26. Nxe6 $40 {[%emt 0:01:35][%mdl 128] White goes for the king.} fxe6 $16 27. Rxg6 Rxg6 28. Qxg6 {[%emt 0:00:03] White wants to mate with Qh5+.} Qg8 29. Qh5+ Qh7 {[%emt 0:01:02] [#]} 30. Qe5 Qf7 $2 (30... Qe4+ $16 31. Qxe4 dxe4) 31. Rf1 {[%emt 0:01:55] Weighted Error Value: White=0.26 (precise) /Black=0.32} 1-0

[Event "2nd Late Dr Abul K C Chess-ch A 2022"]
[Site "Dhaka"]
[Date "2022.07.08"]
[Round "8.3"]
[White "Zia, Tahsin Tajwar"]
[Black "Rahman, Syed Mahfuzur"]
[Result "1-0"]
[ECO "D00"]
[WhiteElo "2307"]
[BlackElo "2122"]
[Annotator "RC"]
[PlyCount "69"]
[EventDate "2022.07.03"]
[EventCountry "BAN"]
[SourceTitle "playchess.com"]
[Source "ChessBase"]
[SourceQuality "1"]
[TimeControl "5400+30"]

1. d4 Nf6 2. Bg5 d5 3. e3 e6 4. Nd2 Be7 5. Bd3 Nbd7 6. c3 b6 7. f4 Bb7 8. Qf3 c5 9. Ne2 Qc7 10. a4 h6 11. Bxf6 Nxf6 12. g4 g5 13. Bb5+ Kd8 14. h4 gxh4 15. Rxh4 c4 16. a5 a6 17. Ba4 b5 18. Bc2 Kd7 19. Qh3 Ne4 20. Rh5 Nf6 21. Rh4 Ne4 22. g5 Nxd2 23. Kxd2 b4 24. Rxh6 Rxh6 25. Qxh6 b3 26. Bh7 Qd8 27. Ng1 Qf8 28. Qh5 Qg7 29. Nf3 Bd6 30. Rh1 Bc7 31. Bb1 Bxa5 32. Ne5+ Ke7 33. Nxf7 Bc7 34. g6 Rg8 35. Qg5+ 1-0

[Event "2nd Late Dr Abul K C Chess-ch A 2022"]
[Site "Dhaka"]
[Date "2022.07.08"]
[Round "8.4"]
[White "Manon, Reja Neer"]
[Black "abu, Hanif"]
[Result "1-0"]
[ECO "C10"]
[WhiteElo "2089"]
[BlackElo "2024"]
[Annotator "RC"]
[PlyCount "162"]
[EventDate "2022.07.03"]
[EventCountry "BAN"]
[SourceTitle "playchess.com"]
[Source "ChessBase"]
[SourceQuality "1"]
[TimeControl "5400+30"]

1. e4 e6 2. d4 d5 3. Nd2 dxe4 4. Nxe4 Nd7 5. Nf3 Ngf6 6. Bd3 Be7 7. O-O O-O 8. Ne5 c5 9. Nxd7 Nxd7 10. Nxc5 Nxc5 11. dxc5 Bxc5 12. Bxh7+ Kxh7 13. Qh5+ Kg8 14. Qxc5 b6 15. Qg5 Bb7 16. Be3 Qxg5 17. Bxg5 f6 18. Be3 Rac8 19. c3 Rfd8 20. Rfd1 Kf7 21. f3 e5 22. Kf2 Ke6 23. Rxd8 Rxd8 24. c4 f5 25. g3 Rh8 26. h4 f4 27. gxf4 Rxh4 28. Kg3 Rh8 29. Re1 exf4+ 30. Bxf4+ Kd7 31. Be5 Rh6 32. Bc3 Rg6+ 33. Kf2 Rg5 34. Rh1 Rf5 35. Rh3 g5 36. Ke3 Rf7 37. Bd2 Ke6 38. Ke2 Rg7 39. Rh6+ Kd7 40. Bc3 Re7+ 41. Kf2 Re6 42. Bf6 Rc6 43. Rh7+ Kc8 44. Bxg5 Rxc4 45. Ke3 Rc5 46. f4 a5 47. Bf6 b5 48. Bd4 Rd5 49. Be5 Rc5 50. Re7 Rc4 51. f5 Re4+ 52. Kd3 Bd5 53. Rc7+ Kd8 54. Rc5 Rxe5 55. Kd4 Re4+ 56. Kxd5 Rb4 57. Rc2 Ra4 58. f6 Ke8 59. Ke6 Re4+ 60. Kf5 Rb4 61. Rc8+ Kf7 62. Rc7+ Kf8 63. Rc2 Kf7 64. Ke5 Kf8 65. Kd5 Kf7 66. a3 Rb3 67. Rf2 Rh3 68. Kc5 Rh5+ 69. Kb6 a4 70. Rc2 Re5 71. Rc5 Re6+ 72. Ka5 Kxf6 73. Rxb5 Re4 74. Rb4 Re2 75. Kxa4 Ke5 76. Rb8 Kd6 77. b4 Re3 78. Rc8 Kd7 79. Rc1 Kd6 80. b5 Re8 81. Kb4 Kd5 1-0

[Event "2nd Late Dr Abul K C Chess-ch A 2022"]
[Site "Dhaka"]
[Date "2022.07.08"]
[Round "8.6"]
[White "Shawket Bin, Osman Shaon"]
[Black "Khan, Nazrana"]
[Result "1/2-1/2"]
[ECO "D35"]
[WhiteElo "2053"]
[BlackElo "1829"]
[Annotator "RC"]
[PlyCount "23"]
[EventDate "2022.07.03"]
[EventCountry "BAN"]
[SourceTitle "playchess.com"]
[Source "ChessBase"]
[SourceQuality "1"]
[TimeControl "5400+30"]

1. d4 d5 2. c4 e6 3. Nc3 Nf6 4. cxd5 exd5 5. Bg5 Be7 6. e3 c6 7. Bd3 Ne4 8. Bxe7 Qxe7 9. Nge2 Nxc3 10. bxc3 Nd7 11. O-O Nf6 12. Qc2 1/2-1/2